 Dungeon Crawl Stone Soup version 0.25-a0-890-g62861fb (console) character file.

Game seed: 5537320833475504930, levelgen mode: deterministic

825 HarryHood the Basher (level 7, -3/99 HPs)
             Began as a Minotaur Berserker on Apr 25, 2020.
             Was an Elder of Trog.
             Slain by an orc warrior
             ... wielding a +0 glaive
              (24 damage)
             ... on level 4 of the Dungeon on May 5, 2020.
             The game lasted 00:30:55 (3273 turns).

HarryHood the Basher (Minotaur Berserker)           Turns: 3273, Time: 00:30:55

Health: -3/99      AC:  9    Str: 23    XL:     7   Next: 64%
Magic:  6/6        EV:  8    Int:  4    God:    Trog [****..]
Gold:   276        SH:  0    Dex: 10    Spells: 6/6 levels left

rFire    . . .     SeeInvis .   a - +0 mace
rCold    . . .     Gourm    .   (no shield)
rNeg     . . .     Faith    .   f - +0 chain mail
rPois    .         Spirit   .   (helmet restricted)
rElec    .         Reflect  .   j - +0 cloak
rCorr    .         Harm     .   (no gloves)
MR       .....                  (no boots)
Stlth    ..........             (no amulet)
HPRegen  0.26/turn              (no ring)
MPRegen  0.10/turn              (no ring)

@: berserking, very quick
A: retaliatory headbutt, horns 2
a: Berserk, Trog's Hand, Brothers in Arms, Renounce Religion


You were on level 4 of the Dungeon.
You worshipped Trog.
Trog was greatly pleased with you.
You were hungry.

You visited 1 branch of the dungeon, and saw 4 of its levels.
You also visited: Ossuary.

You collected 276 gold pieces.

Inventory:

Hand Weapons
 a - a +0 mace (weapon)
 b - a +1 hunting sling of freezing
Missiles
 m - 60 stones (quivered)
Armour
 f - a +0 chain mail (worn)
 j - a +0 cloak (worn)
Jewellery
 u - an uncursed ring of wizardry {unknown}
Wands
 v - a wand of digging (3)
Scrolls
 c - 2 scrolls of teleportation {@r0}
 d - 3 scrolls of remove curse {@r1}
 k - 4 scrolls of fear
 p - a scroll of magic mapping {@r5}
 r - 3 scrolls of identify
Potions
 g - 4 potions of curing {unknown}
 h - a potion of heal wounds {unknown}
 i - a potion of flight {unknown}
 l - 2 potions of stabbing {unknown}
 n - 2 potions of ambrosia {unknown}
 o - a potion of cancellation {unknown}
 q - 2 potions of lignification {unknown}
 t - a potion of might {unknown}
Comestibles
 e - 7 rations {@e1}
 s - a chunk of flesh


   Skills:
 * Level 7.3 Fighting
 - Level 9.0 Maces & Flails
 - Level 2.4 Armour
 - Level 2.1 Dodging


You had 6 spell levels left.
You didn't know any spells.
Your spell library was empty.

Dungeon Overview and Level Annotations

Branches:
Dungeon (4/15)            Ossuary (visited)
 Temple: D:4-7

Altars:
Cheibriados
Nemelex Xobeh
Qazlal
Sif Muna
Wu Jian
The Shining One


Innate Abilities, Weirdness & Mutations

You reflexively headbutt those who attack you in melee.
You have a pair of horns on your head.


Message History

You hit the orc warrior. You closely miss the orc warrior.
The orc warrior hits you with a +0 glaive!
You take 10 damage, and have 37/66 hp.
You hit the orc warrior but do no damage.
The orc warrior closely misses you.
A red film seems to cover your vision as you go berserk!
You feel yourself moving faster!
You feel mighty!
You are feeling hungry.
You now have 56/99 hp.
You closely miss the orc warrior.
The orc warrior hits you with a +0 glaive!!
You take 25 damage, and have 31/99 hp.
MASSIVE DAMAGE!!
You hit the orc warrior.
The ogre hits you with a +0 giant spiked club!
* * * LOW HITPOINT WARNING * * *
You take 10 damage, and have 21/99 hp.
You hit the orc warrior but do no damage.
The orc warrior hits you with a +0 glaive!!
You die...

......................##
#########+###'#####....#
#..........#....#
#..........+....#
#..........#....# ..#
#..........#....# ..#
#...............# ..#
#####+#O..........# ..#
#.....@o##'##....###..#
#....#### ..####......#
#..### ..#..###....#
#.##.# l.#..#.##...+
#.'÷(# O.#..#[.÷....
#.##.# .o#..#.##..##
#..### ..#..###...#
##...##+# #)##.....#
###....#####(.(....##


You could see an orc warrior and an ogre.

Vanquished Creatures
  Sigmund (D:3)
  A centaur (D:4)
  An elf zombie (Ossuary)
  4 hounds
  A bullfrog skeleton (D:4)
  An iguana (D:4)
  Natasha (twice) (D:4)
  A worker ant (D:4)
  A big kobold zombie (Ossuary)
  4 mummies (Ossuary)
  A hound zombie (Ossuary)
  A hound skeleton (D:4)
  Robin (D:2)
  A gnoll (D:1)
  4 adders
  An ooze (D:1)
  2 adder zombies (Ossuary)
  3 worms
  5 leopard geckos
  An orc (D:4)
  3 ball pythons
  10 bats
  2 giant cockroaches
  23 goblins
  6 hobgoblins
  A quokka (D:2)
  7 frilled lizards
  A gnoll zombie (Ossuary)
  A hobgoblin zombie (Ossuary)
  18 kobolds
  A kobold zombie (Ossuary)
  2 orc zombies (Ossuary)
  11 rats
  2 rat zombies (Ossuary)
125 creatures vanquished.

Notes
Turn   | Place    | Note
-------+----------+-------------------------------------------
     0 | D:1      | HarryHood the Minotaur Berserker began the quest for the
                  | Orb.
     0 | D:1      | Reached XP level 1. HP: 19/19 MP: 0/0
   102 | D:1      | Reached skill level 4 in Maces & Flails
   186 | D:1      | Reached XP level 2. HP: 22/26 MP: 1/1
   314 | D:1      | Reached skill level 5 in Maces & Flails
   349 | D:1      | Reached XP level 3. HP: 31/31 MP: 2/2
   546 | D:1      | Reached ** piety under Trog
   882 | D:2      | Upgraded the game from 0.25-a0-843-g6944ee3 to
                  | 0.25-a0-890-g62861fb
   924 | D:2      | Reached skill level 6 in Maces & Flails
   924 | D:2      | Reached XP level 4. HP: 30/39 MP: 3/3
   994 | D:2      | Noticed Robin
  1004 | D:2      | Killed Robin
  1004 | D:2      | Reached skill level 4 in Fighting
  1172 | D:2      | Found a faded altar of an unknown god.
  1309 | D:2      | Reached skill level 5 in Fighting
  1309 | D:2      | Reached XP level 5. HP: 48/48 MP: 4/4
  1561 | D:2      | Reached *** piety under Trog
  1770 | D:3      | Noticed Sigmund
  1778 | D:3      | Killed Sigmund
  1778 | D:3      | Reached skill level 6 in Fighting
  1778 | D:3      | Reached XP level 6. HP: 50/57 MP: 5/5
  1780 | D:3      | Reached skill level 7 in Maces & Flails
  1953 | D:3      | Found a sparkling altar of Nemelex Xobeh.
  1954 | D:3      | Found a shimmering blue altar of Sif Muna.
  1975 | D:3      | Found a glowing golden altar of the Shining One.
  1976 | D:3      | Found a snail-covered altar of Cheibriados.
  1979 | D:3      | Found an ornate altar of the Wu Jian Council.
  1980 | D:3      | Found a stormy altar of Qazlal.
  2512 | D:4      | Noticed Natasha
  2517 | D:4      | Killed Natasha
  2528 | D:4      | Noticed Natasha
  2537 | D:4      | Killed Natasha
  2537 | D:4      | Reached skill level 8 in Maces & Flails
  2559 | D:4      | Found a sand-covered staircase.
  2689 | Ossuary  | Entered an ossuary
  2701 | Ossuary  | Reached XP level 7. HP: 63/63 MP: 6/6
  2958 | D:4      | Reached skill level 9 in Maces & Flails
  2988 | D:4      | Reached **** piety under Trog
  3200 | D:4      | Reached skill level 7 in Fighting
  3273 | D:4      | Slain by an orc warrior

Levels and vault maps discovered:
D:1:      kennysheep_arrival_seaside, layout_basic, st_stairs_13,
          amethyst_killhole, minmay_split_cup_large
D:2:      layout_loops_cross, chequers_ecumenical_altar_grove,
          minmay_goblin_kobold_house, uniq_robin
D:3:      layout_loops_ring, minitemple, uniq_sigmund
D:4:      layout_gridville, serial_shops, shop_fountains,
          nicolae_ossuary_entry_plus, minmay_divided_ellipse, uniq_natasha

Skill      XL: |  1  2  3  4  5  6  7 |
---------------+----------------------+-----
Maces & Flails | 4 5 6 8 9 |  9.0
Fighting       | 5 6 7 |  7.3
Armour         | |  2.4
Dodging        | |  2.1

Action                   |  1- 3 |  4- 6 |  7- 9 || total
-------------------------+-------+-------+-------++-------
Melee: Mace              |    81 |   160 |    79 ||   320
       Headbutt          |     5 |    23 |    15 ||    43
Invok: Berserk           |       |     1 |     1 ||     2
  Use: Scroll            |     2 |     4 |       ||     6
  Eat: Chunk             |       |     6 |     3 ||     9
Armor: Chain mail        |    63 |    79 |    39 ||   181
       Animal skin       |     2 |       |       ||     2
Dodge: Dodged            |    44 |    69 |    35 ||   148

Table legend:
 A = Non-vault XP
 B = Vault XP
 C = Vault XP percentage of total XP
 D = Non-vault monster count
 E = Vault monster count
 F = Vault count percentage of total count
                 A         B        C        D         E       F
            +---------+---------+-------+---------+---------+-------
      Total |     348 |     831 |  70.5 |      73 |      52 |  41.6
            +---------+---------+-------+---------+---------+-------
        D:1 |      56 |      17 |  23.3 |      25 |       6 |  19.4
        D:2 |     100 |      54 |  35.1 |      23 |      22 |  48.9
        D:3 |      39 |     220 |  84.9 |      17 |       1 |   5.6
        D:4 |     153 |     310 |  67.0 |       8 |       7 |  46.7
    Ossuary |       0 |     230 | 100.0 |       0 |      16 | 100.0
            +---------+---------+-------+---------+---------+-------
